Map: Hardwire LE

Players

ShoWTimE

  • Race: Protoss Protoss
  • League: Grandmaster

HeroMarine - Winner!

  • Race: Terran Terran
  • League: Master

Event: DreamHack SC2 Masters Last Chance 2022

VOD

Have the link to the VOD?

Description

Time

  • Played on: Dec. 17, 2021, 3:11 p.m.
  • Length: 11:25

All games in this series

Show
View Real Time Build Order
Export as new Build Order

ShoWTimE Protoss 

Build Orders: 1 Gate Expand, Oracle Opening 

Get SALT Encoding   

  12  0:00  Probe  
  13  0:12  Probe  
  14  0:17  Pylon  
  14  0:24  Probe (Chrono Boost)  
  15  0:36  Gateway, Probe (Chrono Boost)  
  16  0:43  Probe (Chrono Boost)  
  16  0:45  Assimilator  
  17  0:50  Probe  
  18  1:03  Probe  
  19  1:15  Probe  
  20  1:24  Cybernetics Core  
  20  1:31  Nexus  
  20  1:34  Probe  
  21  1:41  Pylon  
  21  1:46  Probe  
  22  1:49  Assimilator  
  22  1:58  Stalker (Chrono Boost), Probe  
  25  2:10  Probe, Shield Battery  
  24  2:23  Probe  
  24  2:24  Stalker (Chrono Boost)  
  27  2:36  Probe  
  28  2:42  Stargate  
  28  2:48  Probe (Chrono Boost)  
  29  2:54  Probe (Chrono Boost), Warp Gate  
  29  2:58  Probe (Chrono Boost)  
  30  3:02  Probe (Chrono Boost)  
  30  3:03  Probe (Chrono Boost)  
  33  3:12  Probe  
  33  3:14  Probe  
  34  3:22  Oracle (Chrono Boost)  
  34  3:24  Probe  
  34  3:25  Pylon  
  34  3:26  Probe  
  39  3:37  Probe  
  39  3:38  Probe  
  41  3:42  Gateway  
  41  3:46  Twilight Council  
  41  3:49  Probe  
  41  3:50  Probe  
  41  3:52  Gateway  
  43  4:01  Probe  
  44  4:03  Probe  
  45  4:12  Pylon  
  45  4:13  Probe  
  45  4:15  Blink (Chrono Boost), Probe  
  47  4:20  Assimilator  
  47  4:25  Probe  
  47  4:27  Probe  
  47  4:31  Pylon  
  49  4:34  Nexus  
  49  4:37  Probe  
  50  4:41  Probe  
  50  4:43  Stalker  
  53  4:47  Stalker  
  53  4:48  Stalker  
  53  4:50  Probe  
  58  4:53  Probe  
  58  4:55  Pylon  
  59  5:03  Probe  
  59  5:05  Probe  
  61  5:12  Stalker x3  
  67  5:15  Probe  
  67  5:17  Probe  
  69  5:26  Forge  
  69  5:27  Probe  
  70  5:35  Stalker x3  
  70  5:38  Gateway  
  76  5:43  Gateway  
  76  5:47  Protoss Ground Weapons Level 1 (Chrono Boost)  
  76  5:48  Charge (Chrono Boost)  
  76  5:51  Gateway  
  76  5:58  Sentry  
  76  5:59  Sentry  
  76  6:02  Gateway  
  78  6:12  Gateway  
  78  6:13  Stalker  
  80  6:25  Pylon  
  80  6:28  Zealot x2  
  80  6:30  Shield Battery  
  84  6:33  Probe x3, Pylon, Shield Battery  
  87  6:45  Probe  
  88  6:50  Zealot x6  
  98  6:57  Shield Battery  
  98  6:58  Pylon  
  98  7:01  Probe x3  
  98  7:08  Zealot x2  
  105  7:11  Pylon  
  105  7:12  Pylon  
  95  7:15  Probe (Chrono Boost)  
  95  7:20  Probe x2 (Chrono Boost)  
  98  7:27  Stalker x6, Probe (Chrono Boost)  
  111  7:31  Zealot  
  111  7:32  Sentry  
  111  7:37  Pylon  
  115  7:39  Probe x2  
  115  7:40  Probe  
  115  7:43  Protoss Ground Armor Level 1 (Chrono Boost)  
  118  7:52  Pylon  
  118  7:58  Zealot x6  
  128  8:04  Pylon  
  130  8:06  Pylon  
  130  8:13  Zealot x2  
  132  8:22  Gateway  
  132  8:24  Zealot x5  
  142  8:28  Probe x3  
  133  8:40  Probe x2  
  133  8:41  Phoenix (Chrono Boost), Probe  
  122  8:46  Zealot x3  
  122  8:47  Zealot x2  
  134  8:51  Zealot  
  136  8:56  Pylon  
  132  9:15  Stalker x4, Zealot  
  132  9:16  Zealot x3  
  142  9:18  Zealot  
  86  9:40  Zealot x9  
  86  10:01  Stalker x7  
  100  10:07  Zealot x2  
  104  10:27  Stalker x6  
  111  10:31  Zealot x2  
  111  10:39  Zealot  
  90  10:51  Zealot x6  
  80  11:08  Stalker x3  
  72  11:11  Zealot x3  
  72  11:14  Zealot  
Show
View Real Time Build Order
Export as new Build Order

HeroMarine Terran - Winner!

Build Orders:  

Get SALT Encoding   

  12  0:00  SCV  
  13  0:12  SCV  
  14  0:17  Supply Depot  
  14  0:24  SCV  
  15  0:39  SCV  
  15  0:40  Barracks  
  16  0:46  Refinery  
  16  0:51  SCV  
  16  0:55  Refinery  
  17  1:03  SCV  
  18  1:15  SCV  
  19  1:26  Reaper  
  19  1:27  Orbital Command  
  20  1:41  Supply Depot  
  20  1:48  Factory  
  21  1:57  SCV, Bunker  
  21  2:02  Reaper  
  22  2:09  SCV  
  23  2:21  SCV  
  24  2:33  Factory Reactor  
  24  2:34  SCV  
  25  2:39  Command Center  
  25  2:46  SCV  
  25  2:48  Starport  
  26  2:55  Bunker  
  26  2:58  SCV  
  27  2:59  Supply Depot  
  27  3:10  SCV  
  30  3:20  Factory Tech Lab  
  30  3:21  Marine x2  
  30  3:22  SCV  
  30  3:26  Starport Tech Lab  
  31  3:29  Refinery  
  31  3:34  SCV  
  31  3:39  Marine x2  
  37  3:46  SCV  
  37  3:48  Raven  
  35  3:51  Orbital Command  
  37  3:56  Marine  
  37  3:57  Marine  
  37  3:58  SCV  
  43  4:06  Cyclone  
  43  4:09  Barracks  
  42  4:10  SCV  
  42  4:14  Marine x2  
  45  4:17  SCV  
  45  4:22  SCV  
  47  4:27  Barracks  
  47  4:30  SCV  
  48  4:32  Marine x2  
  48  4:35  SCV  
  48  4:38  Engineering Bay  
  54  4:48  SCV x2  
  54  4:50  Supply Depot x2, Marine  
  54  4:53  Starport Reactor  
  54  5:01  Factory Reactor  
  54  5:03  Terran Infantry Weapons Level 1, Stimpack  
  54  5:11  SCV x2, Marine x2  
  54  5:12  Marauder  
  60  5:16  Supply Depot  
  60  5:19  Combat Shield  
  60  5:22  Marauder  
  60  5:24  SCV x2  
  64  5:29  Marine x2  
  64  5:33  Supply Depot  
  66  5:36  SCV x2  
  66  5:37  Medivac  
  66  5:38  Medivac  
  66  5:41  Marauder  
  74  5:43  Marauder  
  74  5:46  Supply Depot  
  74  5:47  Marine  
  74  5:48  Marine  
  78  5:55  Widow Mine x2  
  82  5:58  Supply Depot  
  82  6:02  Marauder  
  84  6:05  Marauder  
  84  6:06  Marine  
  84  6:07  Marine  
  84  6:08  Medivac x2  
  91  6:18  Widow Mine x2  
  91  6:24  Marauder, Marine  
  91  6:25  Marine  
  94  6:26  Marauder  
  96  6:37  Command Center  
  98  6:40  Widow Mine  
  98  6:42  Marine  
  98  6:43  Marine  
  98  6:45  Marauder  
  98  6:46  SCV x2  
  101  6:47  Marauder  
  102  6:57  Starport Reactor  
  102  7:00  Refinery  
  102  7:15  Supply Depot, SCV x2, Marine x2  
  102  7:16  Widow Mine x2  
  110  7:30  Barracks x2  
  110  7:32  SCV x2, Terran Infantry Armor Level 1  
  110  7:33  Marauder x2, Marine x2  
  110  7:36  Medivac  
  120  7:39  Medivac  
  122  7:45  SCV x2  
  124  7:53  Marine x2  
  124  7:54  Marauder x2  
  124  7:57  SCV x2  
  136  8:05  Widow Mine  
  136  8:06  Widow Mine  
  136  8:11  SCV, Marine x2  
  139  8:14  Medivac  
  139  8:15  Medivac  
  139  8:19  Orbital Command  
  141  8:20  Marauder  
  141  8:21  Barracks Reactor  
  141  8:32  SCV  
  141  8:33  Marauder, SCV  
  142  8:41  Marauder  
  142  8:44  Supply Depot, SCV, Medivac x2  
  142  8:45  SCV  
  142  8:46  Barracks Tech Lab  
  142  8:47  Marine  
  149  8:55  SCV, Marine, Armory  
  151  8:56  Marauder, SCV  
  151  8:57  SCV  
  151  8:59  Supply Depot  
  151  9:02  Marine x2  
  157  9:06  Marauder x2  
  157  9:07  SCV  
  157  9:09  SCV  
  157  9:14  SCV  
  157  9:15  Medivac  
  157  9:16  Medivac  
  164  9:17  Marauder  
  164  9:19  Concussive Shells  
  164  9:20  Widow Mine  
  164  9:21  Widow Mine  
  166  9:30  Marauder, Marine  
  166  9:31  Marine  
  146  9:32  Marauder, Marine x2  
  146  9:38  Marine  
  124  9:48  Marine x2  
  124  9:50  Marine  
  124  9:52  Marauder  
  119  9:54  Marauder  
  119  9:55  Marine  
  119  9:56  Marauder, Refinery  
  119  9:57  Refinery  
  116  10:02  Widow Mine x2  
  116  10:06  Marine x2  
  120  10:10  Liberator  
  120  10:13  Marauder, Marine  
  120  10:14  Marine  
  127  10:15  Marine  
  127  10:19  Marine  
  127  10:20  Missile Turret  
  127  10:21  Liberator  
  132  10:24  Marine x2  
  132  10:26  Widow Mine  
  136  10:29  Widow Mine  
  136  10:31  Marine x2  
  136  10:33  Marauder  
  141  10:36  Supply Depot  
  141  10:38  Marine x2  
  141  10:42  Marine x2  
  144  10:49  Marine x2  
  137  10:51  Widow Mine x2  
  137  10:54  Marauder  
  137  10:56  Marauder x2  
  144  11:03  Marine  
  136  11:05  Marine  

Tags
 
Add a new tag
Caveats
  • Supply blocks, unpowered buildings, or Contaminate may cause inaccurate times.
  • Supply counts are checked every 10 seconds.